SAA
WESTWOOD SIXSHOOTERS @ TACOMA FUR TRADERS
09/15/2027
 
TOP OF THE 1ST
Westwood Sixshooters batting - Pitching for Tacoma Fur Traders : RHP Xavier Benítez
Pitching: RHP Xavier Benítez
Batting: LHB António Quintero 0-0: Ground out U3 (Groundball, 3)
Batting: LHB Mitchell Cusimano 0-0: Ball
1-0: Ball
2-0: Ground out 1-3 (Groundball, 15S)
Batting: RHB Wrangler Haresnape 0-0: Foul Ball, location: 2F
0-1: Swinging Strike
0-2: Ball
1-2: Strikes out looking
Top of the 1st over - 0 run(s), 0 hit(s), 0 error(s), 0 left on base; Westwood 0 - Tacoma 0
BOTTOM OF THE 1ST
Tacoma Fur Traders batting - Pitching for Westwood Sixshooters : RHP Roosevelt Guimond
Pitching: RHP Roosevelt Guimond
Batting: RHB Andy Moore 0-0: Swinging Strike
0-1: SINGLE (Line Drive, 9LS)
Batting: RHB Luis Flores 0-0: Ball
Andy Moore is caught stealing 2nd base
1-0: Ball
2-0: Ball
3-0: Base on Balls
Batting: RHB Gustavo González 0-0: Ball
1-0: Called Strike
1-1: Ball
2-1: Grounds into double play, 4-6-3 (Groundball, 4)
Bottom of the 1st over - 0 run(s), 1 hit(s), 0 error(s), 0 left on base; Westwood 0 - Tacoma 0
TOP OF THE 2ND
Westwood Sixshooters batting - Pitching for Tacoma Fur Traders : RHP Xavier Benítez
Batting: LHB Bob Daugherty 0-0: Called Strike
0-1: Called Strike
0-2: Ball
1-2: Foul Ball, location: 2F
1-2: Strikes out swinging
Batting: RHB Steve Bock 0-0: Ball
1-0: SINGLE (Groundball, 6MD)
Batting: LHB Lorenzo Díaz 0-0: Ball
1-0: Ball
2-0: SINGLE (Groundball, 3L) (infield hit)
Steve Bock to second
Batting: RHB Alberto Lastaneda 0-0: Called Strike
0-1: Foul Ball, location: 2F
0-2: Ball
1-2: Ball
2-2: Ball
3-2: SINGLE (Line Drive, 4MD)
Steve Bock to third
Lorenzo Díaz to second
Runner from 3rd tries for Home, throw and OUT!
Lorenzo Díaz to third
Alberto Lastaneda to second
Batting: RHB Alonso Zamora 0-0: Swinging Strike
0-1: Ball
1-1: Fly out, F4 (Popup, 34)
Top of the 2nd over - 0 run(s), 3 hit(s), 0 error(s), 2 left on base; Westwood 0 - Tacoma 0
BOTTOM OF THE 2ND
Tacoma Fur Traders batting - Pitching for Westwood Sixshooters : RHP Roosevelt Guimond
Batting: RHB Nate Cates 0-0: Ball
1-0: Foul Ball, location: 2F
1-1: Foul Ball, location: 2F
1-2: Ball
2-2: Ball
3-2: Base on Balls
Batting: LHB Dave Knight 0-0: Ball
1-0: Ball
2-0: Called Strike
2-1: Foul Ball, location: 2F
2-2: Fly out, F9 (Line Drive, 89M)
Batting: LHB Michael Whorton 0-0: Swinging Strike
0-1: Ball
1-1: DOUBLE (Flyball, 7)
Nate Cates to third
Batting: RHB Tim Lehman 0-0: Foul Ball, location: 2F
0-1: Swinging Strike
0-2: Ball
1-2: Strikes out looking
Batting: RHB Miguel Silva 0-0: Called Strike
0-1: Fly out, F2 (Popup, 23)
Bottom of the 2nd over - 0 run(s), 1 hit(s), 0 error(s), 2 left on base; Westwood 0 - Tacoma 0
TOP OF THE 3RD
Westwood Sixshooters batting - Pitching for Tacoma Fur Traders : RHP Xavier Benítez
Batting: LHB Juan Romero 0-0: Foul Ball, location: 2F
0-1: Bunted foul
0-2: Foul Ball, location: 2F
0-2: SINGLE (Groundball, 6S) (infield hit)
Batting: LHB António Quintero 0-0: Ball
1-0: Ball
2-0: Fielders Choice at 2nd, 1-6 (Groundball, P)
Batting: LHB Mitchell Cusimano 0-0: Called Strike
0-1: Fly out, F8 (Line Drive, 8LM)
Batting: RHB Wrangler Haresnape 0-0: Ball
António Quintero steals 2nd base
1-0: SINGLE (Line Drive, 8LS)
António Quintero to third
Runner from 3rd tries for Home, SAFE, no throw
Batting: LHB Bob Daugherty 0-0: Ball
1-0: Fly out, F2 (Popup, 25)
Top of the 3rd over - 1 run(s), 2 hit(s), 0 error(s), 1 left on base; Westwood 1 - Tacoma 0
BOTTOM OF THE 3RD
Tacoma Fur Traders batting - Pitching for Westwood Sixshooters : RHP Roosevelt Guimond
Batting: RHB Carlos Correa 0-0: Swinging Strike
0-1: Called Strike
0-2: Ball
1-2: Ball
2-2: Strikes out swinging
Batting: RHB Andy Moore 0-0: Ball
1-0: Ground out 5-3 (Groundball, 56)
Batting: RHB Luis Flores 0-0: Ball
1-0: Called Strike
1-1: Fly out, F8 (Line Drive, 8RM)
Bottom of the 3rd over - 0 run(s), 0 hit(s), 0 error(s), 0 left on base; Westwood 1 - Tacoma 0
TOP OF THE 4TH
Westwood Sixshooters batting - Pitching for Tacoma Fur Traders : RHP Xavier Benítez
Batting: RHB Steve Bock 0-0: Called Strike
0-1: Swinging Strike
0-2: Ball
1-2: Foul Ball, location: 2F
1-2: Foul Ball, location: 2F
1-2: Ball
2-2: Ball
3-2: SINGLE (Line Drive, 6M)
Batting: LHB Lorenzo Díaz 0-0: Ball
1-0: Foul Ball, location: 2F
1-1: Fly out, F5 (Line Drive, 56)
Batting: RHB Alberto Lastaneda 0-0: Swinging Strike
0-1: Swinging Strike
0-2: Ball
1-2: Strikes out swinging
Batting: RHB Alonso Zamora 0-0: Called Strike
Balk!
Steve Bock to second
0-1: Ball
1-1: Ball
2-1: Called Strike
2-2: Foul Ball, location: 2F
2-2: Foul Ball, location: 2F
2-2: Strikes out swinging
Top of the 4th over - 0 run(s), 1 hit(s), 0 error(s), 1 left on base; Westwood 1 - Tacoma 0
BOTTOM OF THE 4TH
Tacoma Fur Traders batting - Pitching for Westwood Sixshooters : RHP Roosevelt Guimond
Batting: RHB Gustavo González 0-0: Ball
1-0: Ground out 6-3 (Groundball, 6)
Batting: RHB Nate Cates 0-0: Called Strike
0-1: Ball
1-1: Ball
2-1: Ball
3-1: Swinging Strike
3-2: Fly out, F9 (Flyball, 9)
Batting: LHB Dave Knight 0-0: Ball
1-0: Ball
2-0: DOUBLE (Flyball, 89XD)
Batting: LHB Michael Whorton 0-0: Ball
1-0: Swinging Strike
1-1: Foul Ball, location: 2F
1-2: Ball
2-2: Strikes out swinging
Bottom of the 4th over - 0 run(s), 1 hit(s), 0 error(s), 1 left on base; Westwood 1 - Tacoma 0
TOP OF THE 5TH
Westwood Sixshooters batting - Pitching for Tacoma Fur Traders : RHP Xavier Benítez
Batting: LHB Juan Romero 0-0: Swinging Strike
0-1: Ball
1-1: Swinging Strike
1-2: Foul Ball, location: 2F
1-2: Ball
2-2: Ball
3-2: Foul Ball, location: 2F
3-2: Strikes out swinging
Batting: LHB António Quintero 0-0: Swinging Strike
0-1: Ball
1-1: Ball
2-1: TRIPLE (Line Drive, 8RM)
Batting: LHB Mitchell Cusimano 0-0: Called Strike
0-1: Ball
1-1: Ball
2-1: SINGLE (Line Drive, 78M)
António Quintero scores
Batting: RHB Wrangler Haresnape 0-0: Called Strike
0-1: Foul Ball, location: 2F
0-2: Ball
1-2: Fly out, F4 (Popup, 34D)
Batting: LHB Bob Daugherty 0-0: SINGLE (Groundball, 3L) (infield hit)
Mitchell Cusimano to second
Batting: RHB Steve Bock 0-0: Ball
1-0: Fielders Choice at 2nd, 6-4 (Groundball, 6)
Top of the 5th over - 1 run(s), 3 hit(s), 0 error(s), 1 left on base; Westwood 2 - Tacoma 0
BOTTOM OF THE 5TH
Tacoma Fur Traders batting - Pitching for Westwood Sixshooters : RHP Roosevelt Guimond
Batting: RHB Tim Lehman 0-0: Ground out 6-3 (Groundball, 56D)
Batting: RHB Miguel Silva 0-0: Ball
1-0: Foul Ball, location: 2F
1-1: SINGLE (Line Drive, 78M)
Batting: RHB Carlos Correa 0-0: Swinging Strike
0-1: Foul Ball, location: 2F
0-2: Strikes out looking
Batting: RHB Andy Moore 0-0: Ball
1-0: Ball
2-0: Called Strike
2-1: Fielders Choice at 2nd, 4-6 (Groundball, 34)
Bottom of the 5th over - 0 run(s), 1 hit(s), 0 error(s), 0 left on base; Westwood 2 - Tacoma 0
TOP OF THE 6TH
Westwood Sixshooters batting - Pitching for Tacoma Fur Traders : RHP Xavier Benítez
Batting: LHB Lorenzo Díaz 0-0: Ball
1-0: Foul Ball, location: 2F
1-1: Ball
2-1: Swinging Strike
2-2: Ground out 5-3 (Groundball, 56S)
Batting: RHB Alberto Lastaneda 0-0: Called Strike
0-1: Ball
1-1: Ground out 3-1 (Groundball, 34)
Batting: RHB Alonso Zamora 0-0: Fly out, F9 (Flyball, 9)
Top of the 6th over - 0 run(s), 0 hit(s), 0 error(s), 0 left on base; Westwood 2 - Tacoma 0
BOTTOM OF THE 6TH
Tacoma Fur Traders batting - Pitching for Westwood Sixshooters : RHP Roosevelt Guimond
Batting: RHB Luis Flores 0-0: Ball
1-0: Ball
2-0: Foul Ball, location: 2F
2-1: Foul Ball, location: 2F
2-2: Ball
3-2: Foul Ball, location: 2F
3-2: Base on Balls
Batting: RHB Gustavo González 0-0: Called Strike
0-1: Swinging Strike
0-2: Ball
1-2: Strikes out swinging
Batting: RHB Nate Cates 0-0: Called Strike
Luis Flores is caught stealing 2nd base
0-1: Ball
1-1: Foul Ball, location: 2F
1-2: Strikes out swinging, 2-3 out at first.
Bottom of the 6th over - 0 run(s), 0 hit(s), 0 error(s), 0 left on base; Westwood 2 - Tacoma 0
TOP OF THE 7TH
Westwood Sixshooters batting - Pitching for Tacoma Fur Traders : RHP Xavier Benítez
Batting: LHB Juan Romero 0-0: Called Strike
0-1: Called Strike
0-2: Strikes out swinging
Pitching: LHP Steve Adkins
Batting: LHB António Quintero 0-0: Foul Ball, location: 2F
0-1: Ball
1-1: Ball
2-1: Foul Ball, location: 2F
2-2: Strikes out swinging
Batting: LHB Mitchell Cusimano 0-0: Foul Ball, location: 2F
0-1: Foul Ball, location: 2F
0-2: Strikes out looking
Top of the 7th over - 0 run(s), 0 hit(s), 0 error(s), 0 left on base; Westwood 2 - Tacoma 0
BOTTOM OF THE 7TH
Tacoma Fur Traders batting - Pitching for Westwood Sixshooters : RHP Roosevelt Guimond
Pitching: RHP Kenny Powers
Batting: LHB Dave Knight 0-0: Ball
1-0: Ball
2-0: Called Strike
2-1: Ball
3-1: Ground out 4-3 (Groundball, 4)
Batting: LHB Michael Whorton 0-0: Called Strike
0-1: Fly out, F7 (Flyball, 78M)
Batting: RHB Tim Lehman 0-0: Swinging Strike
0-1: Ball
1-1: SINGLE (Groundball, 25) (infield hit)
Batting: RHB Miguel Silva 0-0: Ball
1-0: Ball
2-0: Called Strike
2-1: Foul Ball, location: 2F
2-2: Foul Ball, location: 2F
2-2: Hit by Pitch
Tim Lehman to second
Pinch Hitting: LHB Jim Unknown 0-0: Ball
1-0: Ball
2-0: Called Strike
2-1: Fly out, F6 (Line Drive, 6M)
Bottom of the 7th over - 0 run(s), 1 hit(s), 0 error(s), 2 left on base; Westwood 2 - Tacoma 0
TOP OF THE 8TH
Westwood Sixshooters batting - Pitching for Tacoma Fur Traders : LHP Steve Adkins
Now at 2B: Nick Boyd
Batting: RHB Wrangler Haresnape 0-0: Ball
1-0: Ball
2-0: Ground out 6-3 (Groundball, 56)
Batting: LHB Bob Daugherty 0-0: Ball
1-0: SINGLE (Flyball, 9LM)
Batting: RHB Steve Bock 0-0: Ball
1-0: SINGLE (Flyball, 8LM)
Bob Daugherty to second
Batting: LHB Lorenzo Díaz 0-0: Ball
1-0: Ground out 4-3 (Groundball, 4MS)
Bob Daugherty to third
Steve Bock to second
Batting: RHB Alberto Lastaneda 0-0: Ball
1-0: Ball
2-0: SINGLE (Groundball, 3D)
Bob Daugherty scores
Steve Bock to third
Runner from 3rd tries for Home, SAFE, throw made home
Batting: RHB Alonso Zamora Balk!
Alberto Lastaneda to second
0-0: SINGLE (Groundball, 6MD)
Alberto Lastaneda to third
Runner from 3rd tries for Home, SAFE, no throw
Pitching: RHP Edward Scott
Batting: LHB Juan Romero 0-0: SINGLE (Flyball, 78M)
Alonso Zamora to second
Batting: LHB António Quintero 0-0: Called Strike
0-1: Foul Ball, location: 2F
0-2: Ball
1-2: Fielders Choice at 2nd, 6-4 (Groundball, 6)
Top of the 8th over - 3 run(s), 5 hit(s), 0 error(s), 1 left on base; Westwood 5 - Tacoma 0
BOTTOM OF THE 8TH
Tacoma Fur Traders batting - Pitching for Westwood Sixshooters : RHP Kenny Powers
Batting: RHB Andy Moore 0-0: Ball
1-0: SINGLE (Line Drive, 89S)
Batting: RHB Luis Flores 0-0: Ball
1-0: Called Strike
1-1: Swinging Strike
1-2: Fly out, F9 (Flyball, 89M)
Batting: RHB Gustavo González 0-0: SINGLE (Groundball, 56D)
Andy Moore to second
Batting: RHB Nate Cates 0-0: Ground out 4-3 (Groundball, 4S)
Andy Moore to third
Gustavo González to second
Batting: LHB Dave Knight 0-0: Foul Ball, location: 2F
0-1: Called Strike
0-2: Ball
1-2: Fly out, F8 (Line Drive, 8LM)
Bottom of the 8th over - 0 run(s), 2 hit(s), 0 error(s), 2 left on base; Westwood 5 - Tacoma 0
TOP OF THE 9TH
Westwood Sixshooters batting - Pitching for Tacoma Fur Traders : RHP Edward Scott
Batting: LHB Mitchell Cusimano 0-0: Called Strike
0-1: Ball
1-1: Swinging Strike
1-2: Ground out U3 (Groundball, 3)
Batting: RHB Wrangler Haresnape 0-0: Ball
1-0: Swinging Strike
1-1: Called Strike
1-2: SINGLE (Flyball, 78S)
Batting: LHB Bob Daugherty 0-0: Ball
Wrangler Haresnape steals 2nd base
1-0: Ground out 6-3 (Groundball, 6)
Batting: RHB Steve Bock 0-0: Swinging Strike
0-1: Ball
1-1: Foul Ball, location: 2F
1-2: Ball
2-2: DOUBLE (Line Drive, 5D)
Wrangler Haresnape scores
Batting: LHB Lorenzo Díaz 0-0: Fly out, F4 (Popup, 4)
Top of the 9th over - 1 run(s), 2 hit(s), 0 error(s), 1 left on base; Westwood 6 - Tacoma 0
BOTTOM OF THE 9TH
Tacoma Fur Traders batting - Pitching for Westwood Sixshooters : RHP Kenny Powers
Now at 3B: Mark Bishop
Batting: LHB Michael Whorton 0-0: Ball
1-0: Ball
2-0: Foul Ball, location: 2F
2-1: SINGLE (Line Drive, 6M)
Batting: RHB Tim Lehman 0-0: Ball
1-0: Called Strike
1-1: Foul Ball, location: 2F
1-2: Ball
2-2: Foul Ball, location: 2F
2-2: Foul Ball, location: 2F
2-2: Foul Ball, location: 2F
2-2: Strikes out looking
Pitching: RHP Alfonso Santa Maria
Batting: RHB Miguel Silva 0-0: Ball
1-0: 2-RUN HOME RUN (Flyball, 7D), Distance : 404 ft
Batting: RHB Nick Boyd 0-0: Foul Ball, location: 2F
0-1: Foul Ball, location: 2F
0-2: Ball
1-2: Foul Ball, location: 2F
1-2: Strikes out looking
Batting: RHB Andy Moore 0-0: Ball
1-0: Called Strike
1-1: Ground out 5-3 (Groundball, 56S)
Bottom of the 9th over - 2 run(s), 2 hit(s), 0 error(s), 0 left on base; Westwood 6 - Tacoma 2
Saturday, May 26th, 2018 - OOTP Baseball 17.12 Build 75